[ PARTIDA AOE2 · #478646975 ]
1v1 RMMongoles vs Persians
Equipo del jugador · DERR
Equipo rival · VICT
[ ANÁLISIS DE REPETICIÓN · EXTRAÍDO DE LA PARTIDA GRABADA ]
Feudal
9:39
Castillos
21:11
Imperial
42:49
| APM promedio | 15.6 |
| APM pico | 39 |
| eAPM promedio | 12.1 |
| Aldeanos / militares | 108 / 108 |
Foco
⚔️ 40.3% · 🌾 59.7%
Spearman ×56 · Skirmisher ×24 · Knight ×19 · Scout Cavalry ×5 · Mangudai ×4
Feudal
10:27
Castillos
24:31
Imperial
39:35
| APM promedio | 25.0 |
| APM pico | 54 |
| eAPM promedio | 11.5 |
| Aldeanos / militares | 95 / 54 |
Foco
⚔️ 31.5% · 🌾 68.5%
Knight ×17 · Skirmisher ×13 · Archer ×12 · Scout Cavalry ×9 · Trebuchet (Packed) ×3
Mapa de la partida
Recursos iniciales + cada clic de construcción. Líneas = muros · curvas = relieve. ◆ oro · ⬟ piedra · ● bayas · ✦ reliquia · ◌ hueco del cierre
Tu base· ✓ Cerrada en 21:11 · 39t muro · 1 puerta(s)
Base de That C-note Gun· Abierta — flanco sin cerrar
Terreno inicial suavizado · ◌ = hueco del cierre detectado · pasá el cursor para detalles
Inputs por minuto
— Kronos - - That C-note Gun
Build order — Kronos
Primeras 150 de 332 acciones detectadas
| 0:05 | Crear | Villager (Male) |
| 0:05 | Crear | Villager (Male) |
| 0:05 | Crear | Villager (Male) |
| 0:05 | Crear | Villager (Male) |
| 0:06 | Crear | Villager (Male) |
| 0:08 | Construir | House |
| 0:11 | Construir | House |
| 1:37 | Crear | Villager (Male) |
| 1:53 | Construir | Lumber Camp |
| 2:20 | Crear | Villager (Male) |
| 2:20 | Crear | Villager (Male) |
| 2:43 | Crear | Villager (Male) |
| 3:15 | Crear | Villager (Male) |
| 3:57 | Crear | Villager (Male) |
| 4:02 | Construir | Mill |
| 4:03 | Crear | Villager (Male) |
| 4:04 | Crear | Villager (Male) |
| 4:31 | Construir | House |
| 4:59 | Crear | Villager (Male) |
| 4:59 | Crear | Villager (Male) |
| 5:02 | Crear | Villager (Male) |
| 5:02 | Crear | Villager (Male) |
| 5:35 | Construir | Mill |
| 5:37 | Crear | Villager (Male) |
| 5:37 | Crear | Villager (Male) |
| 6:06 | Crear | Villager (Male) |
| 6:29 | Crear | Villager (Male) |
| 7:27 | Investigar | Feudal Age |
| 8:39 | Construir | House |
| 9:19 | Construir | Barracks |
| 9:25 | Construir | Palisade Wall |
| 9:31 | Crear | Villager (Male) |
| 9:31 | Crear | Villager (Male) |
| 9:39 | Edad | Edad Feudal |
| 10:02 | Crear | Villager (Male) |
| 10:03 | Crear | Villager (Male) |
| 10:49 | Construir | Stable |
| 11:01 | Crear | Villager (Male) |
| 11:02 | Crear | Villager (Male) |
| 11:11 | Construir | Palisade Wall |
| 11:13 | Construir | House |
| 11:17 | Construir | Farm |
| 11:29 | Construir | House |
| 11:34 | Crear | Villager (Male) |
| 11:34 | Crear | Villager (Male) |
| 11:41 | Construir | Farm |
| 11:42 | Crear | Scout Cavalry |
| 11:43 | Crear | Scout Cavalry |
| 11:57 | Construir | Palisade Wall |
| 12:12 | Construir | Blacksmith |
| 12:14 | Crear | Villager (Male) |
| 12:14 | Crear | Villager (Male) |
| 12:28 | Crear | Scout Cavalry |
| 12:29 | Crear | Scout Cavalry |
| 12:34 | Crear | Villager (Male) |
| 12:43 | Construir | Mining Camp |
| 12:57 | Crear | Villager (Male) |
| 13:12 | Construir | Palisade Wall |
| 13:15 | Crear | Villager (Male) |
| 13:15 | Crear | Villager (Male) |
| 13:22 | Construir | Palisade Wall |
| 13:29 | Construir | Palisade Wall |
| 13:32 | Crear | Villager (Male) |
| 13:43 | Construir | Farm |
| 13:46 | Construir | Farm |
| 13:49 | Construir | Farm |
| 13:53 | Construir | Farm |
| 13:57 | Construir | Farm |
| 13:59 | Crear | Villager (Male) |
| 13:59 | Crear | Villager (Male) |
| 14:27 | Construir | Palisade Gate |
| 14:34 | Construir | Palisade Wall |
| 14:39 | Crear | Villager (Male) |
| 14:40 | Crear | Villager (Male) |
| 14:42 | Construir | House |
| 14:44 | Construir | House |
| 14:45 | Construir | House |
| 14:47 | Construir | House |
| 15:57 | Crear | Villager (Male) |
| 15:57 | Crear | Villager (Male) |
| 15:59 | Construir | Farm |
| 16:04 | Construir | Farm |
| 16:08 | Construir | Farm |
| 16:12 | Investigar | Bloodlines |
| 16:29 | Crear | Villager (Male) |
| 16:29 | Crear | Villager (Male) |
| 16:32 | Construir | Farm |
| 16:34 | Construir | Farm |
| 16:37 | Construir | Farm |
| 16:40 | Construir | Farm |
| 16:41 | Crear | Villager (Male) |
| 16:42 | Crear | Villager (Male) |
| 16:47 | Construir | Farm |
| 16:55 | Construir | Farm |
| 17:08 | Crear | Villager (Male) |
| 17:12 | Construir | Farm |
| 17:25 | Construir | Farm |
| 17:34 | Crear | Villager (Male) |
| 17:40 | Construir | Farm |
| 18:00 | Crear | Villager (Male) |
| 18:02 | Construir | Farm |
| 18:31 | Investigar | Castle Age |
| 18:36 | Construir | Farm |
| 18:46 | Crear | Scout Cavalry |
| 18:55 | Investigar | Double-Bit Axe |
| 19:07 | Construir | Mining Camp |
| 19:21 | Investigar | Stone Mining |
| 19:31 | Crear | Spearman |
| 19:32 | Crear | Spearman |
| 19:43 | Crear | Spearman |
| 19:43 | Crear | Spearman |
| 19:54 | Investigar | Scale Mail Armor |
| 20:08 | Crear | Spearman |
| 20:24 | Investigar | Horse Collar |
| 20:37 | Crear | Spearman |
| 20:50 | Crear | Spearman |
| 21:01 | Construir | House |
| 21:07 | Crear | Villager (Male) |
| 21:11 | Edad | Edad de los Castillos |
| 21:22 | Crear | Villager (Male) |
| 21:22 | Crear | Villager (Male) |
| 21:25 | Crear | Villager (Male) |
| 21:47 | Crear | Villager (Male) |
| 21:55 | Crear | Villager (Male) |
| 21:57 | Construir | House |
| 22:07 | Investigar | Town Watch |
| 22:45 | Investigar | Pikeman (upgrade) |
| 22:50 | Investigar | Forging |
| 22:51 | Investigar | Chain Mail Armor |
| 22:57 | Crear | Villager (Male) |
| 22:57 | Crear | Villager (Male) |
| 23:41 | Crear | Villager (Male) |
| 23:41 | Crear | Villager (Male) |
| 23:49 | Construir | Town Center |
| 24:18 | Investigar | Husbandry |
| 24:21 | Crear | Villager (Male) |
| 24:21 | Crear | Villager (Male) |
| 24:32 | Construir | Stable |
| 24:34 | Crear | Villager (Male) |
| 24:35 | Crear | Villager (Male) |
| 24:37 | Crear | Villager (Male) |
| 24:37 | Crear | Villager (Male) |
| 25:10 | Investigar | Wheelbarrow |
| 25:11 | Crear | Villager (Male) |
| 25:12 | Crear | Villager (Male) |
| 25:12 | Crear | Villager (Male) |
| 26:03 | Investigar | Heavy Plow |
| 26:22 | Construir | Castle |
| 26:34 | Crear | Villager (Male) |
| 26:35 | Crear | Villager (Male) |
Build order — That C-note Gun
Primeras 150 de 274 acciones detectadas
| 0:01 | Crear | Villager (Male) |
| 0:01 | Crear | Villager (Male) |
| 0:02 | Crear | Villager (Male) |
| 0:02 | Crear | Villager (Male) |
| 0:03 | Construir | House |
| 0:06 | Construir | House |
| 0:10 | Crear | Villager (Male) |
| 1:26 | Crear | Villager (Male) |
| 1:26 | Crear | Villager (Male) |
| 2:14 | Crear | Villager (Male) |
| 2:14 | Crear | Villager (Male) |
| 2:47 | Construir | Lumber Camp |
| 2:57 | Crear | Villager (Male) |
| 2:57 | Crear | Villager (Male) |
| 3:28 | Crear | Villager (Male) |
| 3:28 | Crear | Villager (Male) |
| 3:55 | Crear | Villager (Male) |
| 4:31 | Construir | House |
| 4:38 | Investigar | Loom |
| 4:49 | Construir | Mill |
| 4:52 | Crear | Villager (Male) |
| 4:57 | Crear | Villager (Male) |
| 5:04 | Construir | House |
| 5:57 | Crear | Villager (Male) |
| 6:09 | Crear | Villager (Male) |
| 6:48 | Crear | Villager (Male) |
| 6:48 | Crear | Villager (Male) |
| 7:12 | Construir | House |
| 7:16 | Crear | Villager (Male) |
| 7:21 | Crear | Villager (Male) |
| 7:46 | Crear | Villager (Male) |
| 8:07 | Investigar | Feudal Age |
| 8:12 | Construir | Mining Camp |
| 8:23 | Construir | Farm |
| 8:25 | Construir | Farm |
| 8:28 | Construir | Farm |
| 9:25 | Construir | Barracks |
| 9:37 | Crear | Villager (Male) |
| 10:24 | Construir | Farm |
| 10:27 | Edad | Edad Feudal |
| 10:28 | Crear | Villager (Male) |
| 10:29 | Crear | Villager (Male) |
| 10:55 | Construir | Stable |
| 11:06 | Crear | Villager (Male) |
| 11:06 | Crear | Villager (Male) |
| 11:09 | Construir | Farm |
| 11:13 | Crear | Villager (Male) |
| 11:30 | Investigar | Double-Bit Axe |
| 11:46 | Construir | Farm |
| 12:19 | Crear | Scout Cavalry |
| 12:39 | Construir | Stable |
| 12:43 | Crear | Villager (Male) |
| 12:51 | Construir | House |
| 12:57 | Investigar | Horse Collar |
| 13:06 | Investigar | Bloodlines |
| 13:29 | Crear | Villager (Male) |
| 13:39 | Construir | Lumber Camp |
| 13:50 | Construir | House |
| 13:55 | Crear | Scout Cavalry |
| 13:56 | Crear | Scout Cavalry |
| 14:05 | Investigar | Town Watch |
| 14:06 | Crear | Villager (Male) |
| 14:49 | Construir | House |
| 14:51 | Crear | Villager (Male) |
| 14:51 | Crear | Villager (Male) |
| 15:04 | Crear | Scout Cavalry |
| 15:04 | Crear | Scout Cavalry |
| 15:09 | Construir | Blacksmith |
| 15:49 | Construir | House |
| 15:56 | Crear | Villager (Male) |
| 15:57 | Crear | Villager (Male) |
| 16:20 | Crear | Scout Cavalry |
| 16:25 | Construir | Farm |
| 16:29 | Construir | Farm |
| 16:32 | Construir | Farm |
| 16:35 | Construir | Farm |
| 16:39 | Construir | Farm |
| 16:41 | Construir | Farm |
| 16:43 | Crear | Villager (Male) |
| 16:49 | Construir | Farm |
| 17:04 | Construir | House |
| 17:05 | Construir | House |
| 17:10 | Construir | Palisade Wall |
| 17:17 | Construir | Farm |
| 17:23 | Construir | Farm |
| 17:27 | Construir | Farm |
| 17:29 | Crear | Villager (Male) |
| 17:29 | Crear | Villager (Male) |
| 17:50 | Investigar | Scale Barding Armor |
| 17:58 | Construir | Farm |
| 18:11 | Construir | Farm |
| 18:26 | Crear | Scout Cavalry |
| 18:36 | Construir | Mining Camp |
| 18:41 | Crear | Villager (Male) |
| 18:42 | Crear | Villager (Male) |
| 18:56 | Construir | Farm |
| 19:12 | Crear | Scout Cavalry |
| 19:12 | Crear | Scout Cavalry |
| 19:14 | Crear | Villager (Male) |
| 19:53 | Construir | House |
| 20:04 | Crear | Villager (Male) |
| 20:05 | Crear | Villager (Male) |
| 20:09 | Construir | Farm |
| 20:14 | Construir | Farm |
| 20:16 | Investigar | Forging |
| 20:21 | Construir | Farm |
| 21:03 | Construir | Market |
| 21:15 | Construir | Archery Range |
| 21:20 | Crear | Villager (Male) |
| 21:21 | Crear | Villager (Male) |
| 21:44 | Investigar | Fletching |
| 22:02 | Investigar | Castle Age |
| 22:09 | Construir | House |
| 22:10 | Construir | House |
| 22:12 | Construir | House |
| 22:22 | Crear | Archer |
| 22:22 | Crear | Archer |
| 22:23 | Crear | Archer |
| 22:57 | Investigar | Fletching |
| 23:04 | Crear | Archer |
| 24:31 | Edad | Edad de los Castillos |
| 24:34 | Crear | Villager (Male) |
| 24:34 | Crear | Villager (Male) |
| 24:37 | Crear | Villager (Male) |
| 24:42 | Investigar | Crossbowman (upgrade) |
| 24:52 | Crear | Knight |
| 24:52 | Crear | Knight |
| 24:56 | Crear | Knight |
| 24:56 | Crear | Knight |
| 24:59 | Investigar | Chain Barding Armor |
| 25:09 | Crear | Villager (Male) |
| 25:09 | Crear | Villager (Male) |
| 25:10 | Crear | Villager (Male) |
| 25:16 | Crear | Villager (Male) |
| 25:44 | Crear | Knight |
| 25:45 | Crear | Knight |
| 25:55 | Crear | Villager (Male) |
| 25:56 | Crear | Villager (Male) |
| 26:21 | Construir | Town Center |
| 26:29 | Crear | Archer |
| 26:29 | Crear | Archer |
| 26:32 | Crear | Knight |
| 26:41 | Construir | House |
| 26:44 | Construir | University |
| 26:52 | Crear | Villager (Male) |
| 26:52 | Crear | Villager (Male) |
| 26:58 | Investigar | Stone Mining |
| 27:05 | Investigar | Iron Casting |
| 27:21 | Investigar | Husbandry |
| 27:31 | Crear | Villager (Male) |
Cronología de la partida
| 9:19 | Kronos · first_building Barracks |
| 9:25 | Kronos · wall_segment Palisade Wall x2 |
| 9:25 | That C-note Gun · first_building Barracks |
| 9:39 | Kronos · age_up feudal |
| 10:27 | That C-note Gun · age_up feudal |
| 10:49 | Kronos · first_building Stable |
| 10:55 | That C-note Gun · first_building Stable |
| 11:11 | Kronos · wall_segment Palisade Wall x6 |
| 11:57 | Kronos · wall_segment Palisade Wall x7 |
| 13:12 | Kronos · wall_segment Palisade Wall x11 |
| 13:22 | Kronos · wall_segment Palisade Wall x5 |
| 13:29 | Kronos · wall_segment Palisade Wall x5 |
| 14:34 | Kronos · wall_segment Palisade Wall x3 |
| 17:10 | That C-note Gun · wall_segment Palisade Wall x1 |
| 21:11 | Kronos · age_up castle |
| 21:15 | That C-note Gun · first_building Archery Range |
| 21:57 | That C-note Gun · first_market_buy 100 food |
| 24:31 | That C-note Gun · age_up castle |
| 26:22 | Kronos · first_building Castle |
| 30:04 | That C-note Gun · first_building Castle |
| 34:33 | Kronos · first_building Archery Range |
| 36:31 | That C-note Gun · first_market_sell 100 food |
| 39:35 | That C-note Gun · age_up imperial |
| 42:49 | Kronos · age_up imperial |
| 42:58 | Kronos · resign |
[ ANÁLISIS IA · 1 CRÉDITO ]
¿Qué pasó realmente en esta partida?
Wolo.gg analiza cada decisión: build order, eco, micro, errores típicos por bracket. Análisis personalizado por WhatsApp o Discord en 30 segundos.
Guía civ
Mongoles
Guía mapa
Arabia
Perfil
Jugador #4885401